 Dungeon Crawl Stone Soup version 0.25-a0-424-g80bd347ae0 (webtiles) character file.

Game seed: 7281574085287374501, levelgen mode: deterministic

44 BeastOfSaturn the Gusty (level 3, -5/32 HPs)
             Began as an Ogre Air Elementalist on Jan 23, 2020.
             Killed from afar by Natasha (6 damage)
             ... with a magic dart
             ... on level 2 of the Dungeon.
             The game lasted 00:07:23 (1963 turns).

BeastOfSaturn the Gusty (Ogre Air Elementalist)     Turns: 1963, Time: 00:07:24

Health: -5/32      AC:  3    Str: 13    XL:     3   Next: 62%
Magic:  1/7        EV: 10    Int: 16    God:
Gold:   58         SH:  0    Dex:  9    Spells: 5/8 levels left

rFire    . . .     SeeInvis .   d - +0 club
rCold    . . .     Gourm    .   (no shield)
rNeg     . . .     Faith    .   a - +0 robe
rPois    .         Spirit   .   (helmet restricted)
rElec    .         Reflect  .   (no cloak)
rCorr    .         Harm     .   (gloves unavailable)
MR       .....                  (boots unavailable)
Stlth    ++........             (no amulet)
HPRegen  0.10/turn              (no ring)
MPRegen  0.10/turn              (no ring)

@: no status effects
A: large, unfitting armour, tough skin 1
a: no special abilities


You were on level 2 of the Dungeon.
You were not hungry.

You visited 1 branch of the dungeon, and saw 2 of its levels.

You collected 58 gold pieces.

Inventory:

Hand Weapons
 d - a +0 club (weapon)
Armour
 a - a +0 robe (worn)
Scrolls
 b - a scroll of amnesia {unknown}
 f - a scroll of identify {unknown}
Potions
 e - 2 potions of flight {unknown}
 h - a potion of haste {unknown}
Comestibles
 c - a ration


   Skills:
 + Level 0.9 Fighting
 + Level 0.3 Maces & Flails
 + Level 2.1 Dodging
 + Level 1.6 Stealth
 + Level 0.2 Unarmed Combat
 + Level 3.0 Spellcasting
 + Level 1.0 Conjurations
 + Level 3.1 Air Magic


You had 5 spell levels left.
You knew the following spells:

 Your Spells              Type           Power        Failure   Level  Hunger
a - Shock                 Conj/Air       #...         8%          1    #......
b - Swiftness             Chrm/Air       #.......     16%         2    ##.....

Your spell library contained the following spells:

 Spells                   Type           Power        Failure   Level  Hunger
 Static Discharge         Conj/Air       #.......     24%         3    ###....
 Airstrike                Air            ##........   45%         4    #####..
 Lightning Bolt           Conj/Air       #.........   91%         5    ######.


Dungeon Overview and Level Annotations

Branches:
Dungeon (2/15)

Altars:

Annotations:
D:2 Natasha


Innate Abilities, Weirdness & Mutations

You are too large for most types of armour.
You have tough skin. (AC +1)


Message History

You hit Natasha but do no damage.
Natasha is severely wounded.
Natasha claws you.
* * * LOW HITPOINT WARNING * * *
Natasha stares at you and mumbles some strange words.
The magic dart hits you.
* * * LOW HITPOINT WARNING * * *
Casting: Shock (safe; 8% risk of failure)
Confirm with . or Enter, or press ? or * to list all spells.
Aiming: Shock (safe; 8% risk of failure)
Press: ? - help, Shift-Dir - straight line, f/p - Natasha
Aim: Natasha (severely wounded)
The zap misses Natasha.
The zap misses the crimson imp.
The zap hits the crimson imp.
The crimson imp is moderately wounded.
The zap misses Natasha.
Natasha claws you.
* * * LOW HITPOINT WARNING * * *
Natasha stares at you and mumbles some strange words.
The magic dart hits you.
You die...

................(......#
...............###.#####
##%.#########.#.#### #..
#5.#.# #. ##.#### #
##.## #h## ##.## ##@####
####..#.# ..#.#.##
#.#.#.# #####
#.#.#.###...##
#.#####......##.<..##
#.......####........#
#######.## #####.####
###...#######.#


You could see Natasha.

Vanquished Creatures
  Natasha (D:2)
  2 dart slugs (D:1)
  2 leopard geckos (D:1)
  A giant cockroach (D:1)
  A goblin (D:1)
  A hobgoblin (D:1)
  A bat (D:1)
  3 frilled lizards (D:1)
  3 kobolds
  2 rats
17 creatures vanquished.

Notes
Turn   | Place    | Note
-------+----------+-------------------------------------------
     0 | D:1      | BeastOfSaturn the Ogre Air Elementalist began the quest for
                  | the Orb.
     0 | D:1      | Reached XP level 1. HP: 16/16 MP: 3/3
   167 | D:1      | Reached XP level 2. HP: 9/24 MP: 1/5
  1562 | D:2      | Learned a level 2 spell: Swiftness
  1929 | D:2      | Noticed Natasha
  1931 | D:2      | Noticed a crimson imp
  1936 | D:2      | Killed Natasha
  1936 | D:2      | Reached skill level 1 in Conjurations
  1936 | D:2      | Reached XP level 3. HP: 32/32 MP: 1/7
  1940 | D:2      | Noticed Natasha
  1960 | D:2      | HP: 1/32 [Natasha (3)]
  1963 | D:2      | Killed from afar by Natasha

Levels and vault maps discovered:
D:1:      onia_arrival_pentagram, layout_loops_ring
D:2:      layout_loops_ring, first_ration, hex_medium, minmay_puff,
          uniq_sigmund, uniq_crazy_yiuf_cottage, uniq_natasha

Skill      XL: |  1  2 |
---------------+-------+-----
Air Magic      | 3 |  3.1
Dodging        | 2 |  2.1
Spellcasting   | 3 |  3.0
Conjurations   | 1 |  1.0
Fighting       | |  0.9
Maces & Flails | |  0.3
Stealth        | |  1.6
Unarmed Combat | |  0.2

Action                   || total
-------------------------++-------
Melee: Unarmed           ||    23
       Club              ||    62
 Fire: Hunting sling     ||     2
 Cast: Shock             ||    33
  Eat: Ration            ||     1
Armor: Robe              ||    25
Dodge: Dodged            ||    81

Table legend:
 A = Non-vault XP
 B = Vault XP
 C = Vault XP percentage of total XP
 D = Non-vault monster count
 E = Vault monster count
 F = Vault count percentage of total count
                 A         B        C        D         E       F
            +---------+---------+-------+---------+---------+-------
      Total |      29 |      35 |  54.7 |      16 |       1 |   5.9
            +---------+---------+-------+---------+---------+-------
        D:1 |      27 |       0 |   0.0 |      14 |       0 |   0.0
        D:2 |       2 |      35 |  94.6 |       2 |       1 |  33.3
            +---------+---------+-------+---------+---------+-------
